[Event "Titled Tuesday Blitz February 07 Early 2023"]
[White "Hartikainen, Jarmo"]
[Black "Zaichenko, Daria"]
[WhiteFideId "503134"]
[BlackFideId "4197453"]
[WhiteElo "2108"]
[BlackElo "2104"]
[Result "1/2-1/2"]
[Round "10"]
[TimeControl "180+2"]
[Date "2023.02.07"]
[WhiteClock "0:00:05"]
[BlackClock "0:01:13"]

1. e4 c5 2. c3 Nc6 3. Nf3 d5 4. exd5 Qxd5 5. d4 cxd4 6. cxd4 e6 7. Nc3 Bb4 8. Be2 Nf6 9. O-O Bxc3 10. bxc3 Qd6 11. a4 Ne7 12. Ba3 Qc7 13. c4 O-O 14. Ne5 Ng6 15. Nxg6 hxg6 16. Bxf8 Kxf8 17. Qd3 Bd7 18. Bf3 Rd8 19. a5 e5 20. dxe5 Qxe5 21. Rfe1 Qc7 22. Red1 Re8 23. Qd6+ Qxd6 24. Rxd6 Ke7 25. Rad1 Rc8 26. R6d4 Rc5 27. g4 Rxa5 28. h4 Be6 29. g5 Nd7 30. Bxb7 Ra4 31. Bc6 Nc5 32. Bxa4 Nxa4 33. Ra1 Nb6 34. c5 Nd5 35. Rxa7+ Kd8 36. c6 Kc8 37. Rda4 Nb6 38. R4a6 Nd5 39. Rb7 Kd8 40. Ra8+ Bc8 41. Rbb8 Ne7 42. f4 f6 43. Kf2 Kc7 44. Ke3 Nf5+ 45. Kd2 Be6 46. Rb7+ Kxc6 47. Ra6+ Kxb7 48. Rxe6 Nxh4 49. Re7+ Kc6 50. Rxg7 fxg5 51. fxg5 Kd5 52. Rxg6 Nxg6 53. Ke3 Ke5 54. Kf3 Kf5 55. Ke3 Kxg5 1/2-1/2


[Site "https://www.chess.com"]

[Event "Titled Tuesday Blitz February 07 Early 2023"]
[White "Von Buelow, Georg"]
[Black "Bashirli, Saadat"]
[WhiteFideId "4620658"]
[BlackFideId "13429990"]
[WhiteElo "2345"]
[BlackElo "1571"]
[Result "1-0"]
[Round "10"]
[TimeControl "180+2"]
[Date "2023.02.07"]
[WhiteClock "0:00:15"]
[BlackClock "0:00:19"]

1. e4 e6 2. d4 d5 3. Nc3 Bb4 4. e5 c5 5. a3 Bxc3+ 6. bxc3 Nc6 7. Qg4 Kf8 8. a4 Nge7 9. Nf3 Qa5 10. Bd2 Nf5 11. Bd3 Qb6 12. O-O cxd4 13. Bxf5 exf5 14. Qf4 dxc3 15. Bxc3 Be6 16. Rfb1 Qc7 17. Nd4 Nxd4 18. Bb4+ Ke8 19. Qxd4 b6 20. a5 bxa5 21. Rxa5 Rb8 22. c3 Qb6 23. Rxa7 Qxd4 24. cxd4 Bd7 25. Kf1 f4 26. Ke1 Be6 27. Kd2 Bf5 28. Rb2 Be6 29. Kc3 Rc8+ 30. Bc5 Bd7 31. Rbb7 Be6 32. Re7+ Kd8 33. Kb4 Rb8+ 34. Ka5 Re8 35. Bb6+ Rxb6 36. Rxe8+ Kxe8 37. Kxb6 Bd7 38. Kc7 Ke7 39. Kb6 f6 40. exf6+ gxf6 41. Kc5 Ke6 42. Rxd7 Kxd7 43. Kxd5 Ke7 44. f3 Kd7 45. h4 f5 46. Ke5 h5 47. Kxf5 Kd6 48. Ke4 Ke6 49. Kxf4 Kd6 50. Ke4 Ke6 51. d5+ Kf6 52. g4 hxg4 53. fxg4 Kg6 54. Kf4 Kf6 55. h5 Kg7 56. g5 Kf7 57. Ke5 Ke7 58. d6+ Kd7 59. Kd5 Kd8 60. Ke6 Ke8 61. g6 Kd8 62. h6 Kc8 63. h7 Kd8 64. h8=Q# 1-0


[Site "https://www.chess.com"]

[Event "Titled Tuesday Blitz February 07 Early 2023"]
[White "Burke, John F"]
[Black "Mendez Machado, Andre"]
[WhiteFideId "2052970"]
[BlackFideId "6603793"]
[WhiteElo "2013"]
[BlackElo "1974"]
[Result "0-1"]
[Round "10"]
[TimeControl "180+2"]
[Date "2023.02.07"]
[WhiteClock "0:00:16"]
[BlackClock "0:00:17"]

1. d4 Nf6 2. c4 e6 3. Nc3 Bb4 4. Qb3 c5 5. Nf3 b6 6. Bg5 h6 7. Bh4 g5 8. Bg3 Ne4 9. Be5 f6 10. Bg3 Nc6 11. e3 Na5 12. Qc2 Bxc3+ 13. bxc3 f5 14. d5 Ba6 15. Rd1 Qe7 16. h4 g4 17. Ne5 Nxg3 18. fxg3 Qg7 19. Nxd7 Kxd7 20. Qa4+ Kc7 21. Bd3 Qxc3+ 22. Kf2 Bxc4 23. d6+ Kb8 24. Qd7 Rc8 25. Bxc4 Nxc4 26. Qxe6 Qc2+ 27. Ke1 Qe4 28. Qxe4 fxe4 29. d7 Rd8 30. Ke2 Kc7 31. Rc1 Nd6 32. Rhd1 Rxd7 33. Rd5 Rad8 34. Rcd1 Nf7 35. Rxd7+ Rxd7 36. Rxd7+ Kxd7 37. Kd2 Kd6 38. Kc3 Ne5 0-1


[Site "https://www.chess.com"]

[Event "Titled Tuesday Blitz February 07 Early 2023"]
[White "Winkels, Marcel"]
[Black "Smietanska, Wiktoria"]
[WhiteFideId "1003887"]
[BlackFideId "21869359"]
[WhiteElo "1960"]
[BlackElo "1936"]
[Result "1-0"]
[Round "10"]
[TimeControl "180+2"]
[Date "2023.02.07"]
[WhiteClock "0:00:01"]
[BlackClock "0:00:02"]

1. d4 Nf6 2. Bg5 c5 3. Nc3 cxd4 4. Qxd4 Nc6 5. Qh4 e6 6. e4 Be7 7. O-O-O O-O 8. f4 h6 9. Bxf6 Bxf6 10. Qg3 Bxc3 11. Qxc3 d5 12. Bc4 d4 13. Qf3 Qa5 14. Ne2 b5 15. Bb3 Qb6 16. e5 Bb7 17. Qg3 a5 18. a3 a4 19. Ba2 b4 20. axb4 Nxb4 21. Qa3 Rfd8 22. Rhg1 Qc5 23. Rd2 Be4 24. Bb1 1-0


[Site "https://www.chess.com"]

[Event "Titled Tuesday Blitz February 07 Early 2023"]
[White "Ardila, Oscar Humberto"]
[Black "Piesik, Piotr"]
[WhiteFideId "4404742"]
[BlackFideId "1136194"]
[WhiteElo "1982"]
[BlackElo "2426"]
[Result "0-1"]
[Round "10"]
[TimeControl "180+2"]
[Date "2023.02.07"]
[WhiteClock "0:01:27"]
[BlackClock "0:01:57"]

1. d4 c5 2. Nf3 cxd4 3. Nxd4 d5 4. Nf3 Nc6 5. e3 e5 6. Be2 Nf6 7. O-O Be7 8. Nbd2 e4 9. Nd4 Nxd4 10. exd4 O-O 11. Re1 Be6 12. Nf1 Rc8 13. c3 Qb6 14. h3 Bd6 15. Qb3 Qc6 16. Be3 Bb8 17. Rac1 Nd7 18. Qb5 Qc7 19. a4 a6 20. Qb4 f5 21. g3 f4 22. Bxf4 Rxf4 23. gxf4 Bxh3 24. Ng3 Nf6 25. c4 Qxf4 26. cxd5 Rxc1 27. Rxc1 Qxc1+ 28. Kh2 Qh6 29. Kg1 Bxg3 30. fxg3 Qe3+ 31. Kh2 Qxe2+ 32. Kxh3 Qf1+ 33. Kh4 h6 34. g4 Qg2 35. g5 hxg5# 0-1


[Site "https://www.chess.com"]

[Event "Titled Tuesday Blitz February 07 Early 2023"]
[White "Barwinska, Ewa"]
[Black "Qashashvili, Alexandre"]
[WhiteFideId "21833761"]
[BlackFideId "13600842"]
[WhiteElo "1914"]
[BlackElo "2505"]
[Result "1-0"]
[Round "10"]
[TimeControl "180+2"]
[Date "2023.02.07"]
[WhiteClock "0:00:16"]
[BlackClock "0:00:39"]

1. e4 c6 2. d4 d5 3. Nc3 dxe4 4. Nxe4 Nd7 5. Ng5 Ngf6 6. Bd3 e6 7. N1f3 h6 8. Nxe6 fxe6 9. Bg6+ Ke7 10. Bf4 Nd5 11. Bg3 N7f6 12. Ne5 Qa5+ 13. c3 Bd7 14. O-O Be8 15. b4 Qd8 16. Qd3 Rg8 17. Rfe1 Qc8 18. f4 Bxg6 19. Nxg6+ Kd8 20. a3 Bd6 21. c4 Ne7 22. Nxe7 Bxe7 23. f5 exf5 24. d5 cxd5 25. cxd5 Ne4 26. d6 Bf6 27. Rac1 Qd7 28. Qd5 Re8 29. Rc7 Qe7 30. dxe7# 1-0


[Site "https://www.chess.com"]

[Event "Titled Tuesday Blitz February 07 Early 2023"]
[White "lisjakzlatko1"]
[Black "Stolz, Mike"]
[BlackFideId "4617134"]
[WhiteElo "2211"]
[BlackElo "2330"]
[Result "0-1"]
[Round "10"]
[TimeControl "180+2"]
[Date "2023.02.07"]
[WhiteClock "0:00:01"]
[BlackClock "0:00:18"]

1. e4 c5 2. b4 cxb4 3. Bb2 d5 4. exd5 Qxd5 5. d4 b6 6. c4 Qd8 7. Nf3 Bb7 8. d5 Nf6 9. Nbd2 Nbd7 10. a3 bxa3 11. Bxa3 e6 12. dxe6 fxe6 13. Bxf8 Nxf8 14. Be2 N8d7 15. Ng5 Qe7 16. Bf3 Bxf3 17. Qxf3 O-O 18. O-O Nd5 19. Qh5 g6 20. Qg4 Nf4 21. Rfe1 e5 22. Nde4 Nf6 23. Nxf6+ Qxf6 24. g3 Qxg5 25. Qxg5 Nh3+ 26. Kg2 Nxg5 27. Rxe5 Rf5 28. Re7 Rf7 29. Re5 Nf3 30. Rb5 Nd4 31. Rxb6 Nc2 32. Ra2 axb6 33. Rxa8+ Kg7 34. Rb8 Rf6 35. f4 Ne3+ 36. Kf3 Nxc4 37. Rb7+ Rf7 38. Rb8 Rc7 39. h4 h5 40. Ke4 Rc5 41. Rb7+ Kf6 42. Rb8 b5 43. Kd4 Rf5 44. Rf8+ Kg7 45. Rb8 Nd6 46. Rb6 Nf7 47. Ke4 Rc5 48. Rb7 Kf6 49. Kd4 Rc4+ 50. Kd5 Rb4 51. Kc5 Rb1 0-1


[Site "https://www.chess.com"]

[Event "Titled Tuesday Blitz February 07 Early 2023"]
[White "Osiecki, Stanislaw"]
[Black "Zaksaite, Salomeja"]
[WhiteFideId "1102990"]
[BlackFideId "12801496"]
[WhiteElo "2055"]
[BlackElo "2283"]
[Result "0-1"]
[Round "10"]
[TimeControl "180+2"]
[Date "2023.02.07"]
[WhiteClock "0:00:56"]
[BlackClock "0:00:42"]

1. e4 c5 2. c3 d5 3. e5 Nc6 4. d4 Bf5 5. Bd3 Bxd3 6. Qxd3 e6 7. Ne2 Nge7 8. O-O Nf5 9. Rd1 h5 10. a3 c4 11. Qc2 Be7 12. Ng3 Nxg3 13. fxg3 Qb6 14. Nd2 Nxe5 15. Kh1 Nd3 16. Nf3 O-O-O 17. Ne1 Nxe1 18. Rxe1 h4 19. g4 h3 20. g3 Bf6 21. Bf4 Rhe8 22. Rab1 g6 23. g5 Bg7 24. b3 cxb3 25. Rxb3 Qc6 26. Reb1 Bxd4 27. Rxb7 Bb6 28. R1xb6 axb6 29. Rc7+ Qxc7 30. Bxc7 Kxc7 31. Qf2 Rd7 32. Qf1 e5 33. Qxh3 d4 34. Qg4 d3 35. Qc4+ Kd8 36. Qb3 d2 37. Qxb6+ Ke7 38. Qb4+ Rd6 39. Qb7+ Kf8 0-1


[Site "https://www.chess.com"]

[Event "Titled Tuesday Blitz February 07 Early 2023"]
[White "Clawitter, Craig"]
[Black "Ricaurte Lopez, Juan Carlos"]
[WhiteFideId "2023105"]
[BlackFideId "3600327"]
[WhiteElo "2050"]
[BlackElo "2226"]
[Result "1-0"]
[Round "10"]
[TimeControl "180+2"]
[Date "2023.02.07"]
[WhiteClock "0:00:16"]
[BlackClock "0:00:06"]

1. e4 e5 2. Nf3 d5 3. exd5 e4 4. Qe2 Nf6 5. d3 Be7 6. dxe4 O-O 7. Nc3 Re8 8. Be3 Bb4 9. O-O-O Bxc3 10. bxc3 Nxe4 11. Qc4 b5 12. Qd4 Qe7 13. Kb2 c6 14. d6 Qe6 15. Bd3 Nd7 16. Qxe4 Qxe4 17. Bxe4 Rxe4 18. Rhe1 Bb7 19. Bd4 Rae8 20. Rxe4 Rxe4 21. Bxa7 c5 22. Re1 Rxe1 23. Nxe1 f6 24. g3 Kf7 25. Nd3 Ke6 26. Nxc5+ Nxc5 27. Bxc5 Bc6 28. Kb3 Kd5 29. Kb4 g5 30. Bd4 f5 31. Bf6 g4 32. Be7 Ke4 33. Kc5 Bd7 34. c4 bxc4 35. Kxc4 Kf3 36. Bf6 Kxf2 37. Kc5 Kg2 38. Kb6 Kxh2 39. Be5 h5 40. c4 Kh3 41. c5 h4 42. gxh4 g3 43. c6 g2 44. Bd4 Bxc6 45. Kxc6 f4 46. d7 Kg3 47. d8=Q f3 48. Qg5+ Kh3 49. h5 f2 50. Bxf2 1-0


[Site "https://www.chess.com"]

[Event "Titled Tuesday Blitz February 07 Early 2023"]
[White "Sabar, Ethmane Daouda"]
[Black "Necula, Iulian"]
[WhiteFideId "19600097"]
[BlackFideId "1232380"]
[WhiteElo "2040"]
[BlackElo "1851"]
[Result "0-1"]
[Round "10"]
[TimeControl "180+2"]
[Date "2023.02.07"]
[WhiteClock "0:02:19"]
[BlackClock "0:02:14"]

1. e4 c5 2. a3 g6 3. c3 Bg7 4. b4 d6 5. bxc5 dxc5 6. Nf3 Nc6 7. Bc4 Nf6 8. d3 O-O 9. O-O a6 10. a4 Bg4 11. Nbd2 Ne5 12. h3 Bxf3 13. gxf3 Nxd3 14. Ba3 b6 15. Qc2 Nf4 16. Be2 Nxe2+ 0-1


[Site "https://www.chess.com"]

[Event "Titled Tuesday Blitz February 07 Early 2023"]
[White "Papayan, Oleg"]
[Black "Osmonbekov, Talaibek"]
[WhiteFideId "4193911"]
[BlackFideId "2017253"]
[WhiteElo "2253"]
[BlackElo "2137"]
[Result "0-1"]
[Round "10"]
[TimeControl "180+2"]
[Date "2023.02.07"]
[WhiteClock "0:00:02"]
[BlackClock "0:00:09"]

1. e4 c5 2. Nf3 d6 3. d4 cxd4 4. Qxd4 Nf6 5. Bg5 Nc6 6. Bb5 Bd7 7. Bxc6 bxc6 8. c4 Qb6 9. Bxf6 gxf6 10. O-O Qxd4 11. Nxd4 e5 12. Nf5 Bxf5 13. exf5 d5 14. Nc3 Bb4 15. Na4 Ke7 16. Rfd1 Rhd8 17. Rac1 dxc4 18. Kf1 Rd5 19. a3 Ba5 20. g4 Rad8 21. Ke2 e4 22. Rf1 Kd6 23. Rxc4 Ke5 24. Rfc1 Kf4 25. b4 Bb6 26. Nxb6 axb6 27. Rxc6 Rd2+ 28. Ke1 Kxg4 29. Rxf6 Kf3 30. Rc3+ Kf4 31. Kf1 Ra2 32. Rxb6 Rdd2 33. Rbc6 Rxf2+ 34. Ke1 Rxh2 35. Rc1 Rae2+ 36. Kd1 e3 37. R1c3 Rd2+ 38. Kc1 Rh1# 0-1


[Site "https://www.chess.com"]

[Event "Titled Tuesday Blitz February 07 Early 2023"]
[White "Cramling Bellon, Anna"]
[Black "Cueto, Jonny"]
[WhiteFideId "32009232"]
[BlackFideId "3300145"]
[WhiteElo "2043"]
[BlackElo "2122"]
[Result "1-0"]
[Round "10"]
[TimeControl "180+2"]
[Date "2023.02.07"]
[WhiteClock "0:00:40"]
[BlackClock "0:00:05"]

1. d4 e6 2. c4 Nf6 3. Nc3 Bb4 4. Qc2 b6 5. e4 Bb7 6. Bd3 c5 7. d5 exd5 8. exd5 O-O 9. Ne2 Re8 10. O-O Bxc3 11. Nxc3 d6 12. Bg5 Nbd7 13. Bxh7+ Kh8 14. Bf5 Bc8 15. Rae1 Ne5 16. f4 Nxc4 17. Bxf6 Rxe1 18. Bxd8 Rxf1+ 19. Kxf1 Ne3+ 20. Kf2 Nxc2 21. Bxc2 Bd7 22. Be7 Re8 23. Bxd6 a5 24. Bc7 b5 25. Bxa5 b4 26. Ne4 Ra8 27. Nxc5 Rxa5 28. Nxd7 Rxa2 29. Ke3 Rxb2 30. Be4 b3 31. Ne5 Ra2 32. d6 1-0


[Site "https://www.chess.com"]

[Event "Titled Tuesday Blitz February 07 Early 2023"]
[White "Quirke, Jeffrey"]
[Black "Mohammadian, Mohammad"]
[WhiteFideId "2013029"]
[BlackFideId "12566055"]
[WhiteElo "2007"]
[BlackElo "1398"]
[Result "0-1"]
[Round "10"]
[TimeControl "180+2"]
[Date "2023.02.07"]
[WhiteClock "0:00:45"]
[BlackClock "0:01:26"]

1. e4 e5 2. Bc4 Nf6 3. d3 Bc5 4. Nf3 d6 5. O-O Bg4 6. h3 Bh5 7. c3 Nc6 8. b4 Bb6 9. Nbd2 a6 10. a4 O-O 11. g4 Nxg4 12. hxg4 Bxg4 13. Qe1 Kh8 14. Nh2 Bh5 15. Ndf3 f5 16. Be3 f4 17. Bxb6 cxb6 18. Be6 Rf6 19. Bh3 Rh6 20. Bg2 g5 21. d4 g4 22. dxe5 gxf3 23. Bh3 Nxe5 0-1


[Site "https://www.chess.com"]

[Event "Titled Tuesday Blitz February 07 Early 2023"]
[White "MunichMouse"]
[Black "aidenzhouu"]
[WhiteElo "2237"]
[BlackElo "2416"]
[Result "0-1"]
[Round "10"]
[TimeControl "180+2"]
[Date "2023.02.07"]
[WhiteClock "0:00:06"]
[BlackClock "0:00:44"]

1. d4 Nf6 2. c4 g6 3. Nf3 Bg7 4. g3 O-O 5. Bg2 d6 6. O-O Nc6 7. h3 e5 8. d5 Nb8 9. Nc3 a5 10. e4 Na6 11. Be3 Nd7 12. Nd2 f5 13. f4 Ndc5 14. Qc2 Nb4 15. Qb1 exf4 16. gxf4 fxe4 17. Bxc5 dxc5 18. Ndxe4 Bf5 19. a3 Bd4+ 20. Kh2 Na6 21. Qe1 Nb8 22. Ng5 Re8 23. Qg3 Re3 24. Qh4 h5 25. Rae1 Nd7 26. Rxe3 Bxe3 27. Qg3 Bd4 28. Ne6 Qf6 29. Nxc7 Rf8 30. Ne6 Re8 31. Nb5 Nf8 32. Nxf8 Kxf8 33. d6 Re3 34. Qg5 Qxg5 35. fxg5 Bxb2 36. Bxb7 Re2+ 37. Kg1 Ke8 38. Rf2 Rxf2 39. Kxf2 Bxh3 40. Bc6+ Kd8 41. Be4 Be6 42. Bxg6 Bxc4 43. Nc7 Bc1 44. Bxh5 Bxg5 45. Be2 Bf7 46. Bb5 Bf4 47. Na6 Bxd6 48. Ke2 Kc8 0-1


[Site "https://www.chess.com"]

[Event "Titled Tuesday Blitz February 07 Early 2023"]
[White "Hon, Eric"]
[Black "Burdalev, Kirill"]
[WhiteFideId "2097117"]
[BlackFideId "14121913"]
[WhiteElo "1897"]
[BlackElo "2368"]
[Result "0-1"]
[Round "10"]
[TimeControl "180+2"]
[Date "2023.02.07"]
[WhiteClock "0:00:56"]
[BlackClock "0:00:21"]

1. e4 c5 2. Nf3 d6 3. d4 cxd4 4. Nxd4 Nf6 5. Nc3 g6 6. f3 Bg7 7. Be3 Nc6 8. Nxc6 bxc6 9. Bc4 O-O 10. O-O c5 11. Qd2 Re8 12. Bb5 Bd7 13. Bxd7 Qxd7 14. Rab1 Rab8 15. b3 Rec8 16. Nd5 Nxd5 17. exd5 e5 18. dxe6 Qxe6 19. Rfe1 Qd7 20. Kh1 d5 21. c3 d4 22. Bf4 Rb6 23. cxd4 cxd4 24. Rbc1 Rbc6 25. Rxc6 Qxc6 26. Qa5 d3 27. Bd2 Bc3 28. Bxc3 Qxc3 29. Re8+ Kg7 30. Qxc3+ Rxc3 31. h4 d2 0-1


[Site "https://www.chess.com"]

[Event "Titled Tuesday Blitz February 07 Early 2023"]
[White "Perez Ponsa, Federico"]
[Black "Daneshvar, Bardiya"]
[WhiteFideId "117927"]
[BlackFideId "12576468"]
[WhiteElo "2532"]
[BlackElo "2540"]
[Result "1-0"]
[Round "11"]
[TimeControl "180+2"]
[Date "2023.02.07"]
[WhiteClock "0:00:17"]
[BlackClock "0:00:04"]

1. e4 c6 2. d4 d5 3. e5 Bf5 4. h4 h5 5. Bd3 Bxd3 6. Qxd3 Qa5+ 7. Nd2 e6 8. Nf3 Nh6 9. c3 Qa6 10. Qxa6 Nxa6 11. b4 Be7 12. Nf1 Nf5 13. a4 Nc7 14. Ne3 Nxe3 15. Bxe3 a5 16. Bd2 axb4 17. cxb4 f6 18. Ke2 Kf7 19. Ra2 Ra7 20. Rha1 Rha8 21. Kd3 Na6 22. Rb1 Nb8 23. Rba1 Nd7 24. g3 Nb6 25. a5 Nc4 26. Bc3 b6 27. axb6 Rxa2 28. Rxa2 Nxb6 29. Ra5 Rb8 30. Nd2 fxe5 31. dxe5 Nd7 32. Ra7 Ke8 33. Rc7 Bxb4 34. Rxc6 Bxc3 35. Kxc3 Ke7 36. f4 Ra8 37. Nb3 g6 38. Nd4 Nf8 39. Rc7+ Ke8 40. Nb5 Ra1 41. Nd6+ Kd8 42. Rc8+ Ke7 43. Re8+ Kd7 44. Rxf8 Ra3+ 45. Kd4 Rxg3 46. Rf7+ Kc6 47. Rf6 Kd7 48. Nb7 Rg4 49. Nc5+ Kc6 50. Rxe6+ Kb5 51. Rf6 Rg1 52. Nd3 1-0


[Site "https://www.chess.com"]

[Event "Titled Tuesday Blitz February 07 Early 2023"]
[White "Guseinov, Gadir"]
[Black "Sjugirov, Sanan"]
[WhiteFideId "13401378"]
[BlackFideId "4189302"]
[WhiteElo "2661"]
[BlackElo "2712"]
[Result "1-0"]
[Round "11"]
[TimeControl "180+2"]
[Date "2023.02.07"]
[WhiteClock "0:00:06"]
[BlackClock "0:00:01"]

1. e4 c5 2. Nc3 d6 3. Bb5+ Bd7 4. Bxd7+ Qxd7 5. d4 cxd4 6. Qxd4 Nc6 7. Qd3 Nf6 8. Bg5 Qg4 9. Nf3 Nd7 10. h3 Qe6 11. O-O Rc8 12. Rfe1 h6 13. Be3 g5 14. Nd4 Nxd4 15. Bxd4 Rg8 16. f3 h5 17. Rad1 g4 18. hxg4 hxg4 19. f4 g3 20. Re3 Qg4 21. Ne2 Qh4 22. Nxg3 Qxf4 23. Rf1 Qg4 24. Qb3 e6 25. Qxb7 Rxc2 26. Qa8+ Ke7 27. Qxa7 e5 28. Bb6 Bh6 29. Nf5+ Ke6 30. Rg3 Qxg3 31. Nxg3 Rxg3 32. Bf2 Be3 33. Qa4 Rxf2 34. Rxf2 Bd4 35. Qc4+ Ke7 36. Qxf7+ Kd8 37. Kf1 Bxf2 38. Kxf2 Rd3 39. g4 Nc5 40. Qh7 Rd4 41. Ke3 Rd3+ 42. Ke2 Rd4 43. g5 Rxe4+ 44. Kd2 Rd4+ 45. Kc2 Rc4+ 46. Kb1 Rg4 47. g6 Rg1+ 48. Kc2 Rg2+ 49. Kc3 Ne4+ 50. Kb3 Rg3+ 51. Kb4 Rg4 52. Ka5 1-0


[Site "https://www.chess.com"]

[Event "Titled Tuesday Blitz February 07 Early 2023"]
[White "Kamsky, Gata"]
[Black "Kukhmazov, Arsen"]
[WhiteFideId "2000024"]
[BlackFideId "24108260"]
[WhiteElo "2665"]
[BlackElo "2512"]
[Result "1-0"]
[Round "11"]
[TimeControl "180+2"]
[Date "2023.02.07"]
[WhiteClock "0:00:06"]
[BlackClock "0:00:04"]

1. d4 d5 2. Bf4 Nf6 3. e3 c5 4. c3 Nc6 5. Nd2 Bf5 6. Ngf3 Qb6 7. dxc5 Qxc5 8. Qb3 Na5 9. Bb5+ Bd7 10. Bxd7+ Nxd7 11. Qa4 Nc6 12. Nb3 Qb6 13. O-O e6 14. Rfd1 Be7 15. e4 dxe4 16. Nfd2 e5 17. Be3 Qc7 18. Nxe4 O-O 19. Qc4 Rac8 20. a4 h6 21. Rd2 Rcd8 22. a5 Qc8 23. Rad1 Ndb8 24. h3 Na6 25. Rxd8 Rxd8 26. Rxd8+ Qxd8 27. Qb5 Qc8 28. g4 Bd8 29. Nd6 Qd7 30. Qxb7 Qxd6 31. Qxa6 Qd1+ 32. Kg2 Qd5+ 33. Kg1 Qd1+ 34. Kg2 Qd5+ 35. Kg1 e4 36. Nd2 Ne5 37. Qxa7 Bh4 38. Qd4 Qe6 39. Qxe4 Qd6 40. Bd4 Nc6 41. Nc4 Qd7 42. Be3 Qd1+ 43. Kg2 Ne7 44. a6 Qd7 45. Nb6 Qa7 46. Nd5 Qd7 47. Nxe7+ Bxe7 48. Qb7 Qd6 49. a7 Kh7 50. a8=Q Bf6 51. Qe4+ g6 52. Qad5 1-0


[Site "https://www.chess.com"]

[Event "Titled Tuesday Blitz February 07 Early 2023"]
[White "Gjestemoen-VonHirsch, Andre"]
[Black "Fier, Alexandr"]
[WhiteFideId "1539531"]
[BlackFideId "2107139"]
[WhiteElo "2314"]
[BlackElo "2589"]
[Result "1-0"]
[Round "11"]
[TimeControl "180+2"]
[Date "2023.02.07"]
[WhiteClock "0:01:10"]
[BlackClock "0:01:21"]

1. d4 Nf6 2. Bf4 c5 3. e3 Qb6 4. Na3 d6 5. Nc4 Qc7 6. Nf3 g6 7. Be2 cxd4 8. exd4 Bg7 9. c3 O-O 10. O-O b6 11. h3 Bb7 12. Ne3 Nh5 13. Bh2 Bh6 14. Ng4 Bg7 15. Ne3 Nd7 16. Re1 Rae8 17. Qb3 Nhf6 18. Ng5 Bh6 19. Nxf7 Rxf7 20. Bc4 Rf8 21. Bxf7+ Rxf7 22. Ng4 Nxg4 23. Rxe7 Nge5 24. Bxe5 Nxe5 25. Rxc7 1-0


[Site "https://www.chess.com"]

[Event "Titled Tuesday Blitz February 07 Early 2023"]
[White "Alex_Sahakyan2006"]
[Black "Keymer, Vincent"]
[BlackFideId "12940690"]
[WhiteElo "2712"]
[BlackElo "2700"]
[Result "1-0"]
[Round "11"]
[TimeControl "180+2"]
[Date "2023.02.07"]
[WhiteClock "0:00:48"]
[BlackClock "0:00:07"]

1. e4 c6 2. d4 d5 3. Nc3 dxe4 4. Nxe4 Nf6 5. Nxf6+ exf6 6. Bd3 Qxd4 7. Ne2 Qd8 8. O-O Be7 9. Ng3 O-O 10. Re1 Re8 11. Bf4 Bf8 12. Qh5 g6 13. Qf3 Nd7 14. Bc4 Rxe1+ 15. Rxe1 Nb6 16. Bb3 Nd5 17. Rd1 Qb6 18. Ne4 Bf5 19. Nd6 Be6 20. Bg3 f5 21. c4 Nf6 22. c5 Qxc5 23. Bxe6 fxe6 24. Qb3 Kg7 25. Qxb7+ 1-0


[Site "https://www.chess.com"]

[Event "Titled Tuesday Blitz February 07 Early 2023"]
[White "Kilic, Eray"]
[Black "Bruzon Batista, Lazaro"]
[WhiteFideId "44517173"]
[BlackFideId "3503739"]
[WhiteElo "2414"]
[BlackElo "2611"]
[Result "1-0"]
[Round "11"]
[TimeControl "180+2"]
[Date "2023.02.07"]
[WhiteClock "0:00:08"]
[BlackClock "0:00:04"]

1. e4 c5 2. Nf3 e6 3. c3 Nf6 4. e5 Nd5 5. d4 cxd4 6. cxd4 Nc6 7. Nc3 Nxc3 8. bxc3 d6 9. exd6 Bxd6 10. Bd3 Qc7 11. O-O h6 12. Qe2 O-O 13. Rb1 b6 14. c4 Bd7 15. Bd2 Rae8 16. Rfc1 Ba3 17. Rc3 Bb4 18. Rc2 Bxd2 19. Qxd2 Rd8 20. d5 Ne5 21. Nxe5 Qxe5 22. Re1 Qd6 23. Be4 exd5 24. cxd5 Rfe8 25. Bf3 Rxe1+ 26. Qxe1 Kf8 27. h3 Re8 28. Qd2 Rc8 29. Rxc8+ Bxc8 30. Qc2 Bd7 31. Qh7 Qf6 32. Qh8+ Ke7 33. Qb8 a5 34. Qc7 Qd6 35. Qc3 f6 36. Qe3+ Kd8 37. Qd3 b5 38. Qg6 Qe7 39. Qd3 Kc7 40. Qc3+ Kb6 41. Qd4+ Qc5 42. Qf4 Qc7 43. Qd4+ Qc5 44. Qf4 Ka7 45. Qe4 b4 46. d6 Qc8 47. Qd4+ Ka6 48. Be2+ Kb7 49. Qd5+ Kb6 50. Bf3 a4 51. Qd4+ Qc5 52. Qd1 a3 53. g3 Qe5 54. Qb3 Kc5 55. Qc2+ Kxd6 56. Qd2+ Ke7 57. Qxb4+ Qd6 58. Qe4+ Be6 59. Bg4 Qe5 60. Qb4+ Kf7 61. Bxe6+ Qxe6 62. Qxa3 Qe1+ 63. Kg2 Qe4+ 64. Qf3 Qc4 65. Qb3 1-0


[Site "https://www.chess.com"]

[Event "Titled Tuesday Blitz February 07 Early 2023"]
[White "Zemlyanskii, Ivan"]
[Black "Samunenkov, Ihor"]
[WhiteFideId "24249971"]
[BlackFideId "14187086"]
[WhiteElo "2300"]
[BlackElo "2501"]
[Result "1-0"]
[Round "11"]
[TimeControl "180+2"]
[Date "2023.02.07"]
[WhiteClock "0:00:22"]
[BlackClock "0:00:02"]

1. d4 d5 2. c4 e6 3. Nc3 a6 4. e3 Nf6 5. b3 c5 6. Nf3 Nc6 7. cxd5 exd5 8. Bb2 Bg4 9. Be2 Bxf3 10. Bxf3 cxd4 11. exd4 Bb4 12. O-O O-O 13. Rc1 Bxc3 14. Rxc3 Re8 15. Rc5 Ne4 16. Bxe4 Rxe4 17. Qh5 Qe7 18. Rxd5 Re1 19. Qf3 Re8 20. g3 h6 21. Bc3 Rxf1+ 22. Kxf1 Qe6 23. Rf5 g6 24. Rf4 Qh3+ 25. Kg1 Rd8 26. d5 Ne7 27. Rxf7 Nf5 28. Rc7 Rf8 29. Qe4 Qh5 30. Qe6+ 1-0


[Site "https://www.chess.com"]

[Event "Titled Tuesday Blitz February 07 Early 2023"]
[White "Zhigalko, Sergei"]
[Black "Orozbaev, Eldiar"]
[WhiteFideId "13502956"]
[BlackFideId "13802240"]
[WhiteElo "2572"]
[BlackElo "2235"]
[Result "1/2-1/2"]
[Round "11"]
[TimeControl "180+2"]
[Date "2023.02.07"]
[WhiteClock "0:00:06"]
[BlackClock "0:00:14"]

1. e4 e6 2. d4 d5 3. e5 b6 4. c3 Qd7 5. Nf3 Ba6 6. Bxa6 Nxa6 7. Qe2 Nb8 8. O-O c5 9. Rd1 Nc6 10. c4 cxd4 11. cxd5 exd5 12. Nxd4 Nxd4 13. Rxd4 Bc5 14. Rg4 Ne7 15. b4 h5 16. Rxg7 Bd4 17. Bb2 Rc8 18. Na3 Bxb2 19. Qxb2 d4 20. h3 Rh6 21. Rd1 Rd8 22. Nc4 Kf8 23. Rg5 Nf5 24. Qd2 Rg6 25. Qf4 Rxg5 26. Qxg5 Rc8 27. Nd6 Nxd6 28. Rxd4 Qe7 29. Qh6+ Kg8 30. Qxd6 Rc1+ 31. Kh2 Qg5 32. Qd8+ Qxd8 33. Rxd8+ Kg7 34. Rd7 Rc2 35. Rxa7 Re2 36. f4 Kg6 37. Kg3 h4+ 38. Kf3 Rb2 39. a3 Rb3+ 40. Kg4 Rg3+ 41. Kxh4 Rxg2 42. f5+ Kxf5 43. Rxf7+ Kxe5 44. Rb7 Rg6 45. Kh5 Rc6 46. Kg4 Rc4+ 47. Kg5 Rc3 48. Kg4 Rc4+ 49. Kg3 Rc3+ 50. Kg2 Rc2+ 51. Kf1 Rc3 52. Rxb6 Rxa3 53. Kg2 Kf4 54. Rf6+ Kg5 55. Rc6 Kf4 56. Rc4+ Kf5 57. Rc5+ Kf4 58. Rc4+ Kf5 59. b5 Rb3 60. Rc5+ Kf4 61. h4 Kg4 62. h5 Rb2+ 63. Kf1 Kf3 64. Ke1 Ke4 65. Kd1 Kd4 66. Rg5 Kc4 67. h6 Rh2 68. Rg6 Kxb5 69. Ke1 Kc5 70. Kf1 Kd5 71. Kg1 Rh5 72. Kg2 Ke5 73. Kg3 Kf5 74. Ra6 Rg5+ 75. Kh4 Rg1 76. Rb6 Rh1+ 77. Kg3 Kg5 78. Rb8 Rxh6 79. Rb5+ Kg6 80. Kg4 Kg7 81. Rb7+ Kg8 82. Kg5 Rc6 83. Kf5 Rc5+ 84. Kf6 Rc6+ 85. Ke5 Rc5+ 86. Kd6 Rg5 87. Re7 Rg7 88. Ke6 Rxe7+ 89. Kxe7 1/2-1/2


[Site "https://www.chess.com"]